Map: Goldenaura LE

Players

LiquidClem (Clem)

  • Race: Terran Terran
  • League: Grandmaster
  • Spawn Location: 5:00

MaxPax - Winner!

  • Race: Protoss Protoss
  • League: Master
  • Spawn Location: 12:00

VOD

Have the link to the VOD?

Description

Time

  • Played on: Oct. 18, 2023, 7:53 a.m.
  • Length: 10:14
Show
View Real Time Build Order
Export as new Build Order

LiquidClem Terran 

Build Orders: Reaper Expand 

Get SALT Encoding   

  12  0:00  SCV  
  13  0:12  SCV  
  14  0:17  Supply Depot  
  14  0:24  SCV  
  15  0:38  SCV  
  15  0:39  Barracks  
  16  0:43  Refinery  
  16  0:50  SCV  
  17  1:03  SCV  
  18  1:15  SCV  
  19  1:28  Orbital Command, Reaper  
  20  1:48  Command Center  
  20  1:54  SCV  
  21  1:55  Supply Depot  
  21  2:00  Marine  
  22  2:06  SCV  
  23  2:09  Factory  
  23  2:17  Marine  
  23  2:18  SCV  
  23  2:22  Bunker  
  25  2:24  Refinery  
  25  2:30  SCV  
  25  2:36  Barracks Reactor  
  26  2:42  SCV  
  27  2:54  SCV  
  27  2:56  Hellion  
  30  2:59  Starport  
  30  3:01  Orbital Command  
  30  3:06  SCV  
  30  3:11  Supply Depot  
  31  3:14  Marine  
  31  3:18  SCV, Widow Mine  
  35  3:27  SCV  
  35  3:30  SCV  
  35  3:31  Marine  
  35  3:32  Marine  
  38  3:39  SCV  
  36  3:43  SCV  
  36  3:45  Starport Tech Lab, Factory Tech Lab  
  37  3:49  Supply Depot  
  37  3:51  SCV  
  37  3:53  Marine x2  
  37  3:55  SCV  
  41  4:03  SCV  
  41  4:04  Siege Tank  
  41  4:05  Raven  
  41  4:07  SCV  
  48  4:12  Barracks  
  48  4:15  SCV, Marine  
  48  4:16  Marine  
  51  4:19  SCV  
  52  4:27  Barracks, SCV  
  54  4:31  Supply Depot, SCV  
  54  4:34  Marine  
  54  4:35  Marine  
  54  4:36  Siege Tank  
  59  4:39  SCV  
  59  4:41  Engineering Bay  
  59  4:43  SCV  
  61  4:46  Refinery  
  61  4:49  Bunker  
  61  4:52  Marine, SCV  
  62  4:53  Marine  
  62  4:55  Supply Depot  
  62  4:56  SCV  
  65  5:02  Refinery  
  65  5:04  SCV  
  66  5:08  Terran Infantry Weapons Level 1, SCV  
  66  5:10  Stimpack  
  66  5:11  Marine, Marauder  
  70  5:16  SCV  
  70  5:17  Marine  
  70  5:20  SCV, Marine  
  70  5:28  SCV  
  71  5:30  Siege Tank  
  71  5:35  Marine, Supply Depot  
  75  5:37  SCV, Marauder  
  75  5:41  Supply Depot  
  78  5:51  Supply Depot  
  78  5:56  Marine  
  80  5:57  SCV x2  
  80  6:03  Supply Depot  
  82  6:04  Marauder  
  82  6:05  Marine  
  82  6:10  Supply Depot  
  84  6:11  Combat Shield  
  84  6:12  Starport Reactor, Factory Reactor, Marauder  
  86  6:21  Command Center  
  86  6:23  Marine  
  87  6:26  Marine, Marauder  
  87  6:31  Supply Depot  
  90  6:33  Marauder  
  90  6:39  SCV x2  
  94  6:41  Marine  
  94  6:44  Supply Depot, Marine  
  96  6:49  Medivac x2  
  96  6:50  Widow Mine x2  
  96  6:51  Marauder  
  96  6:54  Supply Depot  
  106  6:56  Concussive Shells  
  106  6:57  Marauder  
  106  7:00  Marine  
  109  7:01  Marine  
  109  7:02  Barracks  
  109  7:06  Barracks  
  110  7:12  Widow Mine x2  
  113  7:16  Marauder  
  113  7:18  Marine  
  113  7:19  Marauder, Marine  
  118  7:24  Medivac x2  
  118  7:27  Supply Depot  
  122  7:36  Widow Mine x2  
  125  7:37  Marauder  
  125  7:40  Orbital Command  
  125  7:41  Marauder  
  125  7:42  Marine x2  
  131  7:47  Supply Depot  
  131  7:50  SCV  
  131  7:51  SCV  
  131  7:55  Marine x2  
  131  7:57  Viking  
  134  8:03  SCV  
  134  8:04  Marauder  
  134  8:05  SCV  
  134  8:07  Orbital Command, Marine  
  134  8:08  Marine  
  136  8:14  Widow Mine x2  
  136  8:17  Marauder  
  138  8:25  Marauder  
  138  8:26  Barracks Tech Lab x2  
  126  8:27  Medivac  
  126  8:29  Marine x2  
  130  8:36  Medivac  
  130  8:39  Marauder  
  131  8:42  Widow Mine x2  
  131  8:45  Marauder  
  131  8:46  Bunker, Marauder  
  135  8:49  Marauder  
  135  8:52  Marine x2  
  124  8:57  Medivac  
  124  9:00  Marauder  
  124  9:01  Orbital Command  
  110  9:03  Widow Mine  
  110  9:04  Widow Mine  
  110  9:05  Medivac  
  110  9:08  SCV  
  110  9:09  SCV  
  112  9:16  Marine  
  111  9:21  Marauder x2  
  111  9:22  SCV  
  111  9:23  Marine  
  108  9:24  Widow Mine  
  108  9:25  SCV  
  108  9:27  Medivac  
  108  9:28  SCV  
  114  9:34  SCV  
  114  9:36  Marine  
  114  9:37  SCV  
  114  9:38  Marauder  
  119  9:40  SCV, Marine  
  119  9:44  Marine  
  122  9:46  SCV  
  122  9:47  Marauder  
  122  9:50  SCV  
  128  9:52  Marauder  
  128  9:54  SCV  
Show
View Real Time Build Order
Export as new Build Order

MaxPax Protoss - Winner!

Build Orders: 1 Gate Expand, Blink Stalkers 

Get SALT Encoding   

  12  0:00  Probe  
  13  0:12  Probe  
  14  0:16  Pylon  
  14  0:24  Probe (Chrono Boost)  
  16  0:36  Gateway, Probe (Chrono Boost)  
  16  0:43  Probe (Chrono Boost)  
  16  0:45  Assimilator  
  17  0:50  Probe  
  18  1:03  Probe  
  19  1:15  Probe  
  20  1:22  Cybernetics Core  
  20  1:31  Nexus  
  20  1:35  Probe  
  21  1:43  Pylon  
  21  1:48  Probe  
  21  1:51  Assimilator  
  22  1:58  Adept (Chrono Boost)  
  22  2:00  Probe  
  23  2:02  Warp Gate  
  25  2:13  Probe  
  26  2:18  Adept (Chrono Boost)  
  28  2:25  Probe  
  28  2:29  Twilight Council  
  29  2:39  Probe (Chrono Boost)  
  29  2:43  Probe (Chrono Boost), Stalker  
  34  2:53  Probe (Chrono Boost)  
  34  2:54  Probe (Chrono Boost)  
  34  2:58  Probe (Chrono Boost)  
  35  3:01  Probe  
  35  3:02  Blink (Chrono Boost)  
  35  3:05  Gateway  
  37  3:11  Probe  
  38  3:15  Probe  
  39  3:23  Probe  
  40  3:27  Probe  
  40  3:31  Robotics Facility  
  40  3:35  Probe  
  40  3:39  Probe  
  40  3:46  Gateway  
  40  3:47  Probe  
  41  3:49  Pylon  
  41  3:52  Probe  
  42  3:59  Stalker x2  
  46  4:07  Probe x2  
  48  4:13  Pylon  
  48  4:15  Warp Prism (Chrono Boost)  
  48  4:19  Probe  
  48  4:20  Assimilator, Probe  
  52  4:30  Stalker x2  
  54  4:38  Pylon  
  54  4:41  Stalker  
  56  4:50  Observer  
  56  4:51  Nexus  
  57  4:56  Stalker  
  57  4:57  Probe  
  57  4:59  Probe  
  61  5:06  Stalker x2  
  65  5:09  Probe, Pylon  
  66  5:17  Probe  
  67  5:27  Probe  
  64  5:30  Probe  
  64  5:31  Observer  
  64  5:32  Forge  
  64  5:33  Stalker x3  
  71  5:39  Probe  
  71  5:40  Charge (Chrono Boost)  
  71  5:42  Probe  
  73  5:44  Gateway  
  73  5:45  Gateway  
  73  5:51  Probe  
  73  5:54  Probe  
  75  6:03  Probe x2  
  76  6:06  Protoss Ground Weapons Level 1 (Chrono Boost)  
  76  6:09  Probe  
  77  6:12  Observer  
  77  6:13  Gateway  
  77  6:15  Probe  
  77  6:16  Gateway  
  77  6:17  Gateway  
  80  6:21  Sentry, Pylon  
  80  6:23  Probe  
  83  6:26  Templar Archives  
  83  6:27  Assimilator, Probe  
  83  6:28  Zealot x2  
  83  6:32  Probe  
  88  6:35  Probe  
  88  6:38  Pylon  
  88  6:39  Zealot  
  91  6:41  Shield Battery  
  91  6:43  Probe  
  91  6:44  Pylon  
  92  6:50  Pylon  
  92  6:51  Zealot x3  
  92  6:53  Psionic Storm  
  98  6:55  Probe x2  
  100  7:05  High Templar, Pylon  
  102  7:09  Probe  
  102  7:10  Zealot x2  
  102  7:11  Zealot  
  102  7:12  Zealot  
  111  7:17  Pylon  
  111  7:19  High Templar  
  111  7:20  Zealot x2  
  117  7:29  Pylon  
  117  7:34  Nexus  
  117  7:35  High Templar  
  117  7:36  Zealot x3  
  123  7:41  Zealot x2  
  125  7:58  Protoss Ground Weapons Level 2 (Chrono Boost)  
  125  8:00  Zealot x5  
  125  8:05  Probe x3  
  134  8:09  Stalker x3  
  134  8:10  Forge  
  138  8:24  Zealot x5  
  140  8:28  Probe  
  141  8:40  Zealot x3  
  137  8:45  Zealot x5  
  107  9:04  Zealot x3  
  107  9:07  Probe  
  107  9:08  Zealot x3, Probe  
  107  9:09  Zealot x2  
  123  9:12  Probe x2  
  121  9:22  Probe x2  
  119  9:25  Shield Battery  
  119  9:31  High Templar  
  121  9:32  High Templar  
  121  9:33  Zealot x6  
  121  9:36  Archon  
  133  9:40  Probe  
  133  9:42  Probe  
  133  9:43  Probe  
  134  9:50  Nexus, Gateway, Probe  
  134  9:51  Pylon  
  134  9:52  Probe, Robotics Bay  
  136  9:54  Gateway, Probe  
  120  10:09  Zealot x5  
  120  10:10  Zealot x3  
Tags
 
Add a new tag
Caveats
  • Supply blocks, unpowered buildings, or Contaminate may cause inaccurate times.
  • Supply counts are checked every 10 seconds.